TOP OF THE 1ST |
Irvine Gang Green batting - Pitching for Nassau Rockets : RHP Oscar Wheeler
|
Pitching: RHP Oscar Wheeler
|
|
Batting: RHB Tomás Carranza
|
0-0: SINGLE (Groundball, 4D)
|
Batting: RHB José Salazar
|
0-0: Ball 1-0: Ball 2-0: Ball 3-0: Called Strike 3-1: Base on Balls Tomás Carranza to second
|
Batting: LHB Jeff Daniels
|
0-0: Ball Tomás Carranza is caught stealing 3rd base 1-0: Called Strike 1-1: Ball 2-1: Foul Ball, location: 2F 2-2: Ball 3-2: DOUBLE (Line Drive, 9LM) José Salazar to third José Salazar scores
|
Batting: LHB Víctor Quiñones
|
0-0: Ball 1-0: Called Strike 1-1: Foul Ball, location: 2F 1-2: Foul Ball, location: 2F 1-2: Ball 2-2: Ball 3-2: Ground out U3 (Groundball, 34) Jeff Daniels to third
|
Batting: LHB Jorge Martínez
|
0-0: Called Strike 0-1: Ball 1-1: Ball 2-1: Ball 3-1: Base on Balls
|
Batting: SHB Nick Cox
|
0-0: Foul Ball, location: 2F 0-1: Fly out, F9 (Line Drive, 9LM)
|
Top of the 1st over - 1 run, 2 hits, 0 errors, 2 left on base; Irvine 1 - Nassau 0 |
BOTTOM OF THE 1ST |
Nassau Rockets batting - Pitching for Irvine Gang Green : LHP Millard Curtis
|
Pitching: LHP Millard Curtis
|
|
Batting: RHB Aaron Wilson
|
0-0: Called Strike 0-1: Called Strike 0-2: Ball 1-2: Fly out, F8 (Flyball, 8LD)
|
Batting: RHB Jesús Villalobos
|
0-0: Called Strike 0-1: SINGLE (Line Drive, 8LS)
|
Batting: RHB Dexter Potter
|
0-0: Ball 1-0: SINGLE (Line Drive, 56) Jesús Villalobos to second
|
Batting: LHB Juan Romero
|
0-0: Ball 1-0: Fly out, F8 (Flyball, 89XD) Runner from 2nd tags up, SAFE at 3rd, no throw
|
Batting: LHB Andrew Alvarado
|
0-0: Ball 1-0: Called Strike 1-1: Ground out 5-3 (Groundball, 56)
|
Bottom of the 1st over - 0 runs, 2 hits, 0 errors, 2 left on base; Irvine 1 - Nassau 0 |
TOP OF THE 2ND |
Irvine Gang Green batting - Pitching for Nassau Rockets : RHP Oscar Wheeler
|
Batting: RHB Carlos García
|
0-0: Called Strike 0-1: Ball 1-1: SINGLE (Groundball, 6S) (infield hit)
|
Batting: SHB Carlos Córdova
|
0-0: Ball 1-0: Called Strike 1-1: Swinging Strike 1-2: Grounds into double play, 6-4-3 (Groundball, 6)
|
Batting: LHB Tony Tavárez
|
0-0: Ball 1-0: Called Strike 1-1: Ball 2-1: Ground out 5-3 (Groundball, 56)
|
Top of the 2nd over - 0 runs, 1 hit, 0 errors, 0 left on base; Irvine 1 - Nassau 0 |
BOTTOM OF THE 2ND |
Nassau Rockets batting - Pitching for Irvine Gang Green : LHP Millard Curtis
|
Batting: RHB António Zúñiga
|
0-0: Called Strike 0-1: Ball 1-1: Ball 2-1: Ball 3-1: Fly out, F9 (Flyball, 9S)
|
Batting: RHB Kenji Kudo
|
0-0: Ball 1-0: Ball 2-0: Foul Ball, location: 2F 2-1: Swinging Strike 2-2: Foul Ball, location: 2F 2-2: Fly out, F9 (Flyball, 9)
|
Batting: LHB Wilson Allen
|
0-0: Called Strike 0-1: Ball 1-1: Ball 2-1: Foul Ball, location: 2F 2-2: Foul Ball, location: 2F 2-2: Ball 3-2: Base on Balls
|
Batting: SHB Edgardo Osorio
|
0-0: Fly out, F8 (Flyball, 8RXD)
|
Bottom of the 2nd over - 0 runs, 0 hits, 0 errors, 1 left on base; Irvine 1 - Nassau 0 |
TOP OF THE 3RD |
Irvine Gang Green batting - Pitching for Nassau Rockets : RHP Oscar Wheeler
|
Batting: RHB Tomás Carranza
|
0-0: Ground out 6-3 (Groundball, 6)
|
Batting: RHB José Salazar
|
0-0: Ball 1-0: Called Strike 1-1: Foul Ball, location: 2F 1-2: Foul Ball, location: 2F 1-2: Foul Ball, location: 2F 1-2: Ball 2-2: Foul Ball, location: 2F 2-2: Ball 3-2: Ground out 5-3 (Groundball, 56)
|
Batting: LHB Jeff Daniels
|
0-0: Ball 1-0: Called Strike 1-1: Fly out, F8 (Flyball, 8LD)
|
Top of the 3rd over - 0 runs, 0 hits, 0 errors, 0 left on base; Irvine 1 - Nassau 0 |
BOTTOM OF THE 3RD |
Nassau Rockets batting - Pitching for Irvine Gang Green : LHP Millard Curtis
|
Batting: RHB Aaron Wilson
|
0-0: Ball 1-0: Ball 2-0: Ground out 6-3 (Groundball, 6)
|
Batting: RHB Jesús Villalobos
|
0-0: Foul Ball, location: 2F 0-1: Ground out 2-3 (Groundball, 15S)
|
Batting: RHB Dexter Potter
|
0-0: Ground out 5-3 (Groundball, 5L)
|
Bottom of the 3rd over - 0 runs, 0 hits, 0 errors, 0 left on base; Irvine 1 - Nassau 0 |
TOP OF THE 4TH |
Irvine Gang Green batting - Pitching for Nassau Rockets : RHP Oscar Wheeler
|
Batting: LHB Víctor Quiñones
|
0-0: Ball 1-0: Called Strike 1-1: Ball 2-1: Foul Ball, location: 2F 2-2: Ball 3-2: Base on Balls
|
Batting: LHB Jorge Martínez
|
0-0: Ball 1-0: Grounds into double play, 4-6-3 (Groundball, 4)
|
Batting: SHB Nick Cox
|
0-0: Ball 1-0: Called Strike 1-1: Called Strike 1-2: Ball 2-2: Ball 3-2: Strikes out swinging
|
Top of the 4th over - 0 runs, 0 hits, 0 errors, 0 left on base; Irvine 1 - Nassau 0 |
BOTTOM OF THE 4TH |
Nassau Rockets batting - Pitching for Irvine Gang Green : LHP Millard Curtis
|
Batting: LHB Juan Romero
|
0-0: Called Strike 0-1: Foul Ball, location: 2F 0-2: SOLO HOME RUN (Flyball, 9D), Distance : 341 ft
|
Batting: LHB Andrew Alvarado
|
0-0: Swinging Strike 0-1: Ball 1-1: Ball 2-1: SINGLE (Line Drive, 6M)
|
Batting: RHB António Zúñiga
|
0-0: Ball 1-0: Ball 2-0: Swinging Strike 2-1: Ball 3-1: Grounds into double play, 4-6-3 (Groundball, 4)
|
Batting: RHB Kenji Kudo
|
0-0: Swinging Strike 0-1: Fly out, F5 (Popup, 6S)
|
Bottom of the 4th over - 1 run, 2 hits, 0 errors, 0 left on base; Irvine 1 - Nassau 1 |
TOP OF THE 5TH |
Irvine Gang Green batting - Pitching for Nassau Rockets : RHP Oscar Wheeler
|
Batting: RHB Carlos García
|
0-0: Called Strike 0-1: Ball 1-1: Ground out 6-3 (Groundball, 6)
|
Batting: SHB Carlos Córdova
|
0-0: Swinging Strike 0-1: Swinging Strike 0-2: Ball 1-2: Strikes out looking
|
Batting: LHB Tony Tavárez
|
0-0: Called Strike 0-1: DOUBLE (Line Drive, 9LS)
|
Batting: RHB Tomás Carranza
|
0-0: Ball 1-0: Foul Ball, location: 2F 1-1: Foul Ball, location: 2F 1-2: Ball 2-2: SINGLE (Line Drive, 6D) Tony Tavárez to third Runner from 3rd tries for Home, SAFE, no throw
|
Batting: RHB José Salazar
|
0-0: Called Strike 0-1: Foul Ball, location: 2F 0-2: Ball 1-2: Fly out, F2 (Popup, 15S)
|
Top of the 5th over - 1 run, 2 hits, 0 errors, 1 left on base; Irvine 2 - Nassau 1 |
BOTTOM OF THE 5TH |
Nassau Rockets batting - Pitching for Irvine Gang Green : LHP Millard Curtis
|
Batting: LHB Wilson Allen
|
0-0: Called Strike 0-1: Ball 1-1: Called Strike 1-2: Strikes out swinging
|
Batting: SHB Edgardo Osorio
|
0-0: Ball 1-0: Ball 2-0: Swinging Strike 2-1: Called Strike 2-2: Strikes out swinging
|
Batting: RHB Aaron Wilson
|
0-0: Ball 1-0: Ground out 6-3 (Groundball, 6)
|
Bottom of the 5th over - 0 runs, 0 hits, 0 errors, 0 left on base; Irvine 2 - Nassau 1 |
TOP OF THE 6TH |
Irvine Gang Green batting - Pitching for Nassau Rockets : RHP Oscar Wheeler
|
Batting: LHB Jeff Daniels
|
0-0: Called Strike 0-1: Called Strike 0-2: Ball 1-2: Ground out 6-3 (Groundball, 6)
|
Batting: LHB Víctor Quiñones
|
0-0: Swinging Strike 0-1: Ball 1-1: Foul Ball, location: 2F 1-2: Ball 2-2: SINGLE (Line Drive, 34)
|
Batting: LHB Jorge Martínez
|
0-0: Foul Ball, location: 2F 0-1: Swinging Strike 0-2: Ball 1-2: Ball 2-2: Fielders Choice at 2nd, 1-4 (Groundball, 15S)
|
Batting: SHB Nick Cox
|
0-0: Called Strike 0-1: Foul Ball, location: 2F 0-2: Strikes out swinging
|
Top of the 6th over - 0 runs, 1 hit, 0 errors, 1 left on base; Irvine 2 - Nassau 1 |
BOTTOM OF THE 6TH |
Nassau Rockets batting - Pitching for Irvine Gang Green : RHP Jesús De Los Santos
|
Pitching: RHP Jesús De Los Santos
|
|
Batting: RHB Jesús Villalobos
|
0-0: Foul Ball, location: 2F 0-1: Ball 1-1: Called Strike 1-2: Ball 2-2: Foul Ball, location: 2F 2-2: Foul Ball, location: 2F 2-2: Strikes out swinging
|
Batting: RHB Dexter Potter
|
0-0: Foul Ball, location: 2F 0-1: Ground out 6-3 (Groundball, 6)
|
Batting: LHB Juan Romero
|
0-0: Ground out 4-3 (Groundball, 34)
|
Bottom of the 6th over - 0 runs, 0 hits, 0 errors, 0 left on base; Irvine 2 - Nassau 1 |
BOTTOM OF THE 7TH |
Nassau Rockets batting - Pitching for Irvine Gang Green : RHP Jesús De Los Santos
|
Pitching: LHP Jaime Guzmán
|
|
Now in CF: Ronnie Brown
|
|
Batting: LHB Andrew Alvarado
|
0-0: Foul Ball, location: 2F 0-1: Ground out 1-3 (Groundball, 13)
|
Pitching: RHP Ramón Silva
|
|
Batting: RHB António Zúñiga
|
0-0: Ball 1-0: Ball 2-0: Swinging Strike 2-1: Swinging Strike 2-2: Ball 3-2: Strikes out swinging
|
Batting: RHB Kenji Kudo
|
0-0: Called Strike 0-1: Swinging Strike 0-2: Ball 1-2: Ball 2-2: Ball 3-2: Foul Ball, location: 2F 3-2: Strikes out swinging
|
Bottom of the 7th over - 0 runs, 0 hits, 0 errors, 0 left on base; Irvine 2 - Nassau 1 |
TOP OF THE 8TH |
Irvine Gang Green batting - Pitching for Nassau Rockets : RHP Kenkichi Morimoto
|
Pitching: LHP Joaquín Gonzáles
|
|
Batting: RHB José Salazar
|
0-0: Called Strike 0-1: Foul Ball, location: 2F 0-2: Ball 1-2: Ball 2-2: Foul Ball, location: 2F 2-2: Foul Ball, location: 2F 2-2: Foul Ball, location: 2F 2-2: Foul Ball, location: 2F 2-2: Ground out 6-3 (Groundball, 6D)
|
Batting: LHB Jeff Daniels
|
0-0: Ball 1-0: Ball 2-0: Ball 3-0: Called Strike 3-1: Fly out, F1 (Line Drive, 13)
|
Batting: LHB Víctor Quiñones
|
0-0: Fly out, F8 (Flyball, 8RS)
|
Top of the 8th over - 0 runs, 0 hits, 0 errors, 0 left on base; Irvine 2 - Nassau 1 |
BOTTOM OF THE 8TH |
Nassau Rockets batting - Pitching for Irvine Gang Green : RHP Ramón Silva
|
Pitching: RHP Raúl Saltines
|
|
Batting: LHB Wilson Allen
|
0-0: Foul Ball, location: 2F 0-1: Foul Ball, location: 2F 0-2: Fly out, F8 (Flyball, 8LM)
|
Batting: SHB Edgardo Osorio
|
0-0: Called Strike 0-1: SOLO HOME RUN (Flyball, 9LD), Distance : 326 ft
|
Pinch Hitting: LHB Dusty Wilson
|
0-0: Foul Ball, location: 2F 0-1: Foul Ball, location: 2F 0-2: Ball 1-2: Strikes out swinging
|
Batting: RHB Jesús Villalobos
|
0-0: Called Strike 0-1: Swinging Strike 0-2: Foul Ball, location: 2F 0-2: Strikes out looking
|
Bottom of the 8th over - 1 run, 1 hit, 0 errors, 0 left on base; Irvine 2 - Nassau 2 |
TOP OF THE 9TH |
Irvine Gang Green batting - Pitching for Nassau Rockets : LHP Joaquín Gonzáles
|
Now in RF: Dusty Wilson
|
|
Batting: LHB Jorge Martínez
|
0-0: Called Strike 0-1: Foul Ball, location: 2F 0-2: Ball 1-2: Ball 2-2: Fly out, F7 (Flyball, 7)
|
Batting: SHB Nick Cox
|
0-0: Ball 1-0: Ball 2-0: Foul Ball, location: 2F 2-1: Foul Ball, location: 2F 2-2: SINGLE (Flyball, 89S)
|
Batting: RHB Carlos García
|
0-0: Called Strike 0-1: Grounds into double play, 6-4-3 (Groundball, 6)
|
Top of the 9th over - 0 runs, 1 hit, 0 errors, 0 left on base; Irvine 2 - Nassau 2 |
BOTTOM OF THE 9TH |
Nassau Rockets batting - Pitching for Irvine Gang Green : RHP Raúl Saltines
|
Batting: RHB Dexter Potter
|
0-0: Swinging Strike 0-1: Ball 1-1: Swinging Strike 1-2: Ball 2-2: SINGLE (Flyball, 8RS)
|
Batting: LHB Juan Romero
|
0-0: Swinging Strike 0-1: Called Strike 0-2: Ball 1-2: Ball 2-2: Grounds into double play, U3-6 (Groundball, 3L)
|
Batting: LHB Andrew Alvarado
|
0-0: Ball 1-0: Ball 2-0: Called Strike 2-1: Ball 3-1: Swinging Strike 3-2: Foul Ball, location: 2F 3-2: Fly out, F6 (Popup, 4MD)
|
Bottom of the 9th over - 0 runs, 1 hit, 0 errors, 0 left on base; Irvine 2 - Nassau 2 |
TOP OF THE 10TH |
Irvine Gang Green batting - Pitching for Nassau Rockets : LHP Joaquín Gonzáles
|
Pitching: RHP Suezo Morimoto
|
|
Batting: SHB Carlos Córdova
|
0-0: Foul Ball, location: 2F 0-1: Foul Ball, location: 2F 0-2: Ground out 1-3 (Groundball, 15S)
|
Pinch Hitting: LHB Tony Abete
|
0-0: Swinging Strike 0-1: Foul Ball, location: 2F 0-2: Ball 1-2: Strikes out swinging
|
Batting: RHB Tomás Carranza
|
0-0: Ground out 4-3 (Groundball, 4M)
|
Top of the 10th over - 0 runs, 0 hits, 0 errors, 0 left on base; Irvine 2 - Nassau 2 |
|